 Dungeon Crawl Stone Soup version 0.23.2-1-ga50397a (webtiles) character file.

Game seed: 1684149912696037868

584 laerbn the Poker (level 7, -9/54 HPs)
             Began as a Merfolk Skald on May 27, 2019.
             Mangled by an ogre
             ... wielding a +0 giant spiked club
              (26 damage)
             ... on level 5 of the Dungeon.
             The game lasted 00:14:19 (4730 turns).

laerbn the Poker (Merfolk Skald)                    Turns: 4730, Time: 00:14:20

Health: -9/54      AC: 10    Str:  8    XL:     7   Next: 37%
Magic:  8/11       EV:  9    Int: 13    God:
Gold:   276        SH:  0    Dex: 15    Spells: 6/12 levels left

rFire    + . .     SeeInvis +   k - +1 halberd
rCold    x . .     Gourm    .   (shield currently unavailable)
rNeg     . . .     Faith    .   p - +0 scale mail
rPois    .         Spirit   .   s - +0 helmet
rElec    .         Reflect  .   (no cloak)
rCorr    .         Harm     .   B - +0 pair of gloves of the Tired Planets {+Blink rC- Str-3 SInv} (curse)
MR       .....                  u - +1 pair of boots
Stlth    ..........             w - amulet of the acrobat
HPRegen  0.18/turn              i - ring of protection from fire
MPRegen  0.12/turn              q - ring of attention

@: no status effects
A: change form in water, swift swim, stealthy swim
a: Evoke Blink


You were on level 5 of the Dungeon.
You were hungry.

You visited 1 branch of the dungeon, and saw 5 of its levels.

You collected 276 gold pieces.

Inventory:

Hand Weapons
 k - a +1 halberd (weapon)
Missiles
 e - 12 poisoned needles
Armour
 b - a +0 leather armour
 p - a +0 scale mail (worn)
 s - a +0 helmet (worn)
 u - a +1 pair of boots (worn)
 B - the cursed +0 pair of gloves of the Tired Planets (worn) {+Blink rC- Str-3 SInv}
   (You found it on level 5 of the Dungeon)

   It affects your strength (-3).
   It makes you vulnerable to cold.
   It lets you see invisible.
   It lets you blink.
   It has a curse placed upon it.
Jewellery
 c - an uncursed ring of wizardry
 i - a ring of protection from fire (left hand)
 q - a ring of attention (right hand)
 w - an amulet of the acrobat (around neck)
 x - an uncursed amulet of the acrobat
Scrolls
 a - 4 scrolls of teleportation
 m - 2 scrolls of amnesia
 n - 2 scrolls of identify
 y - a scroll of remove curse
Potions
 f - 2 potions of haste
 g - a potion of might
 h - a potion of magic {unknown}
 j - 2 potions of berserk rage {unknown}
 l - a potion of heal wounds
 o - 4 potions of curing {unknown}
 r - a potion of lignification {unknown}
 t - a potion of brilliance {unknown}
 v - a potion of mutation {unknown}
Comestibles
 d - 4 rations


   Skills:
 + Level 4.0 Fighting
   Level 2.7 Long Blades
 + Level 6.4 Polearms
 + Level 1.6 Armour
 + Level 3.7 Dodging
 + Level 3.0 Spellcasting
 + Level 4.4 Charms
 + Level 0.6 Translocations


You had 6 spell levels left.
You knew the following spells:

 Your Spells              Type           Power        Failure   Level  Hunger
a - Infusion              Chrm           ##..         34%         1    #......
b - Shroud of Golubria    Chrm/Tloc      #.........   75%         2    ###....
c - Regeneration          Chrm/Necr      #.........   95%         3    ###....

Your spell library contained the following spells:

 Spells                   Type           Power        Failure   Level  Hunger
 Song of Slaying          Chrm           ##......     47%         2    ###....
 Spectral Weapon          Hex/Chrm       #.......     95%         3    ###....


Dungeon Overview and Level Annotations

Branches:
Dungeon (5/15)
 Temple: D:4-7

Altars:


Message History

The ogre hits you with a +0 giant spiked club!
You barely miss the ogre. You barely miss the ogre. The ogre barely misses you.
You puncture the ogre!
The ogre is heavily wounded.
The ogre hits you with a +0 giant spiked club!
* * * LOW HITPOINT WARNING * * *
Your shroud falls apart!
There is an open door here.
Your magical infusion is running out.
You blink.
You are feeling hungry.
You are no longer magically infusing your attacks.
Your magical contamination has completely faded away.
As you open the door, it creaks loudly!
You fail to use your ability.
The ogre closely misses you.
You fail to use your ability.
You fail to use your ability.
The ogre hits you with a +0 giant spiked club!!
You die...

.................# +...
.....###########.# #... .....#
#.# #... .....# #.# ### ####
.....####### #.# #.. ...........#
#.# #.# #..........# #.# #.#
#..........# #O# #.############
#..........# #@# #.............
#..........# ###'###.######...###
#..........# #....##.######...#..
#..........# #....##.#........#..
#..........###....##.#........#..
#..........#.........'........'..
#..........#.###.###.#........#..
#########'##.###.# #.#........#..
#........# #.#........#..


You could see an ogre.

Vanquished Creatures
  An ice beast (D:5)
  A hound (D:3)
  Natasha (thrice) (D:2)
  5 worker ants
  A hound skeleton (D:5)
  Robin (D:2)
  5 gnolls
  8 adders
  3 oozes
  2 worms (D:2)
  5 dart slugs
  3 leopard geckos
  11 orcs
  2 ball pythons
  2 giant cockroaches (D:1)
  16 goblins
  12 hobgoblins
  2 quokkas (D:3)
  4 bats
  2 frilled lizards
  7 kobolds
  A quokka skeleton (D:4)
  5 rats
102 creatures vanquished.

Notes
Turn   | Place    | Note
-------+----------+-------------------------------------------
     0 | D:1      | laerbn the Merfolk Skald began the quest for the Orb.
     0 | D:1      | Reached XP level 1. HP: 16/16 MP: 3/3
   113 | D:1      | Reached XP level 2. HP: 21/23 MP: 0/5
   522 | D:1      | Reached XP level 3. HP: 13/28 MP: 0/6
   905 | D:2      | Noticed Robin
   938 | D:2      | Noticed Natasha
   949 | D:1      | Learned a level 2 spell: Shroud of Golubria
   953 | D:1      | Learned a level 3 spell: Regeneration
  1063 | D:2      | Killed Natasha
  1063 | D:2      | Reached skill level 1 in Polearms
  1063 | D:2      | Reached skill level 1 in Armour
  1063 | D:2      | Reached XP level 4. HP: 31/34 MP: 4/7
  1181 | D:2      | Reached skill level 2 in Polearms
  1556 | D:2      | Noticed Natasha
  1564 | D:2      | Killed Natasha
  1564 | D:2      | Reached XP level 5. HP: 41/41 MP: 0/8
  1565 | D:2      | Reached skill level 3 in Polearms
  1886 | D:2      | Noticed Natasha
  1895 | D:2      | Killed Robin
  1908 | D:2      | Killed Natasha
  2496 | D:3      | Reached skill level 4 in Polearms
  2521 | D:3      | Reached XP level 6. HP: 24/47 MP: 2/9
  3450 | D:3      | Reached skill level 5 in Polearms
  4328 | D:5      | Entered Level 5 of the Dungeon
  4418 | D:5      | Reached XP level 7. HP: 53/53 MP: 5/11
  4554 | D:5      | Reached skill level 6 in Polearms
  4609 | D:5      | Got a pair of encrusted gloves
  4615 | D:5      | Identified the cursed +0 pair of gloves of the Tired
                  | Planets {+Blink rC- Str-3 SInv} (You found it on level 5 of
                  | the Dungeon)
  4730 | D:5      | Mangled by an ogre

Skill      XL: |  1  2  3  4  5  6  7 |
---------------+----------------------+-----
Dodging        | 3 |  3.7
Polearms       | 1 2 4 5 6 |  6.4
Armour         | 1 |  1.6
Fighting       | 3 4 |  4.0
Charms         | 4 |  4.4
Spellcasting   | 3 |  3.0
Long Blades    | |  2.7
Translocations | |  0.6

Action                   |  1- 3 |  4- 6 |  7- 9 || total
-------------------------+-------+-------+-------++-------
Melee: Falchion          |    40 |       |       ||    40
       Halberd           |    32 |   247 |    41 ||   320
 Cast: Infusion          |    10 |    17 |     2 ||    29
       Shroud of Golubri |       |     5 |     2 ||     7
 Abil: Evoke Blink       |       |       |     2 ||     2
  Use: Scroll            |       |     7 |     1 ||     8
  Eat: Chunk             |       |    13 |     1 ||    14
Armor: Leather armour    |    13 |     3 |       ||    16
       Scale mail        |       |    97 |    23 ||   120
Dodge: Dodged            |    49 |   157 |    15 ||   221
       Rpst.: Falchion   |    10 |       |       ||    10
